 Dungeon Crawl Stone Soup version 0.29.0-7-g18a832c13a (webtiles) character file.

Game seed: 4589563503759404876

56 snetch the Stinger (level 3, -2/26 HPs)
             Began as a Palentonga Venom Mage on Aug 31, 2022.
             Was an Initiate of Ashenzari.
             Slain by a goblin
             ... wielding a +0 club
             ... led by Robin
              (3 damage)
             ... on level 2 of the Dungeon.
             The game lasted 00:11:36 (1745 turns).

snetch the Stinger (Palentonga Venom Mage)          Turns: 1745, Time: 00:11:37

Health: -2/26      AC:  4    Str: 15    XL:     3   Next: 71%
Magic:  1/6        EV: 10    Int: 15    God:    Ashenzari [......]
Gold:   120        SH:  0    Dex: 10    Spells: 3/6 levels left

rFire   . . .      SeeInvis +   a - +1 dagger (elec)
rCold   . . .      Faith    .   (no shield)
rNeg    . . .      Spirit   .   m - +0 robe
rPois   .          Reflect  .   (no helmet)
rElec   .          Harm     .   (no cloak)
rCorr   .          Rampage  .   (no gloves)
Will    .....                   (no barding)
Stlth   ++........              (no amulet)
HPRegen 0.08/turn               (no ring)
MPRegen 0.10/turn               (no ring)

@: very slightly contaminated
A: large, rugged brown scales 3, see invisible, deformed body, roll 1, armoured
tail
a: Rolling Charge, Renounce Religion, Curse Item


You were on level 2 of the Dungeon.
You worshipped Ashenzari.
Ashenzari was noncommittal.
You visited 1 branch of the dungeon, and saw 3 of its levels.

You collected 120 gold pieces.

Inventory:

Hand Weapons
 a - a +1 dagger of electrocution (weapon)
Missiles
 d - 6 poisoned darts
 h - 6 stones
Armour
 e - a +0 ring mail
 i - the +4 chain mail of Omission {rPois Will+ Int+4}
   (You found it on level 2 of the Dungeon)

   Int:       It affects your intelligence (+4).
   rPois:     It protects you from poison.
   Will:      It increases your willpower.
 m - a +0 robe (worn)
Scrolls
 f - a scroll of identify {unknown}
 k - a scroll of blinking {unknown}
 l - a scroll of magic mapping {unknown}
 n - a scroll of enchant weapon {unknown}
Potions
 b - a potion of magic
 c - 4 potions of curing {unknown}
 j - a potion of might {unknown}


   Skills:
 + Level 0.3 Fighting
 + Level 2.1 Dodging
 + Level 1.4 Stealth
 + Level 2.4 Spellcasting
 + Level 1.5 Transmutations
 + Level 2.9 Poison Magic


You had 3 spell levels left.
You knew the following spells:

 Your Spells              Type           Power      Damage    Failure   Level
a - Sting                 Tmut/Pois      32%        1d4       9%          1
b - Poisonous Vapours     Pois/Air       12%        N/A       17%         2

Your spell library contained the following spells:

 Spells                   Type           Power      Damage    Failure   Level
 Apportation              Tloc           2%         N/A       22%         1
 Mephitic Cloud           Conj/Pois/Air  4%         N/A       38%         3
 Call Canine Familiar     Summ           1%         N/A       54%         3
 Portal Projectile        Hex/Tloc       2%         N/A       54%         3
 Olgreb's Toxic Radiance  Pois           10%        N/A       54%         4
 Leda's Liquefaction      Hex/Erth       0%         N/A       91%         4
 Alistair's Intoxication  Tmut/Pois      5%         N/A       93%         5


Dungeon Overview and Level Annotations

Branches:
Dungeon (3/15)

Altars:
Ashenzari
Ru

Annotations:
D:2 Robin


Innate Abilities, Weirdness & Mutations

You are completely covered in rugged brown scales. (AC +3, +7% HP)
You have supernaturally acute eyesight. (SInv)
Armour fits poorly on your strangely shaped body.
You can roll at nearby foes to attack.
You have a long armoured tail.


Message History

You miscast Poisonous Vapours.
You are very lightly contaminated with residual magic.
Nothing appears to happen.
The goblin barely misses you. The goblin closely misses you.
Robin hits you from afar with a +0 spear.
* * * LOW HITPOINT WARNING * * *
The goblin shouts!
You hit the goblin.
The goblin is severely wounded.
You hear a shout!
The goblin hits you with a +0 club.
* * * LOW HITPOINT WARNING * * *
The goblin barely misses you. Robin hits you but does no damage.
Roll where?
Press: ? - help, Dir - move target, f/p - Robin
Aim: Robin, wielding a +0 spear, wearing a +0 animal skin and wearing a +0 helmet You roll forward with a clatter of scales! 2 goblins come into view.
You hit Robin.
Robin is moderately wounded.
Robin roars a battlecry!
The goblins go into a battle-frenzy!
You hit Robin. You punch Robin, but do no damage.
Robin is heavily wounded.
The goblin barely misses you. Robin hits you with a +0 spear.
* * * LOW HITPOINT WARNING * * *
Unknown command.
You closely miss the goblin. You tail-slap the goblin.
You kill the goblin!
Robin roars a battlecry!
The goblin goes into a battle-frenzy!
Unknown command.
You hit the goblin.
You kill the goblin!
The goblin no longer looks unusually strong.
Unknown command.
Robin attacks as you move away! Robin barely misses you.
The goblin attacks as you move away! The goblin closely misses you.
Robin throws the goblin at you! The goblin hits you with a +0 club.
You die...

.........................gg......
........#.########....#..........
.....##.#.# #....#g#........
......#.#.# #gg..g.##.......
....#.#.#.# #.###### #..?##.
......#...# #g# #.## ......#..##
###†# .# ......#..# #.)g# #.
........########@### #
...............g.#
.........######... .#
.....#.....#....### ..
.....#.......### .#
.....#..#........ ## #.#
#######.###...### .##.. #..
.#...#. ... ...# .###.#.## #.#


You could see Robin and 2 goblins.

Vanquished Creatures
  An adder (D:2)
  2 dart slugs (D:1)
  3 ball pythons
  3 endoplasms (D:1)
  3 giant cockroaches
  4 hobgoblins
  4 jackals (D:1)
  2 kobolds
  A quokka (D:2)
  2 bats (D:2)
  2 frilled lizards (D:1)
  9 goblins
  3 rats
39 creatures vanquished.

Notes
Turn   | Place    | Note
-------+----------+-------------------------------------------
     0 | D:1      | snetch the Palentonga Venom Mage began the quest for the
                  | Orb.
     0 | D:1      | Reached XP level 1. HP: 13/13 MP: 3/3
   454 | D:1      | Reached XP level 2. HP: 12/20 MP: 1/5
   602 | D:2      | Identified the +4 chain mail of Omission {rPois Will+
                  | Int+4}
   642 | D:2      | Learned a level 2 spell: Poisonous Vapours
  1122 | D:1      | Reached XP level 3. HP: 18/25 MP: 0/6
  1188 | D:1      | Found a faded altar of an unknown god.
  1248 | D:1      | Prayed at the altar of an unknown god.
  1248 | D:1      | Became a worshipper of Ashenzari the Shackled
  1563 | D:3      | Found a sacrificial altar of Ru.
  1706 | D:2      | Noticed Robin
  1742 | D:2      | HP: 1/26 [Robin/+0 spear (3)]
  1745 | D:2      | Slain by a goblin

Illustrated notes

Levels and vault maps discovered:
D:1:      pf_arrival_petrified_forest, layout_basic, basic_ecumenical_altar,
          serial_aquarium, aquarium_bridge_square [aquarium_subvault_bridge,
          aquarium_subvault_bridge, aquarium_subvault_window,
          aquarium_subvault_bridge], aquarium_window_2,
          aquarium_window_corridor_3, aquarium_view_2e, aquarium_view_2c,
          aquarium_balcony_3b, serial_bayou_pond_a, minmay_misc_feat_diagonals
D:2:      layout_rooms, serial_shops, shop, basic_altar, uniq_robin
D:3:      layout_loops_ring, hangedman_ru_absence, uniq_sigmund

Skill      XL: |  1  2  3 |
---------------+----------+-----
Dodging        | 2 |  2.1
Fighting       | |  0.3
Stealth        | |  1.4
Spellcasting   | |  2.4
Transmutations | |  1.5
Poison Magic   | |  2.9

Action                   || total
-------------------------++-------
Melee: Unarmed           ||    15
       Tailslap          ||     7
       Punch             ||     5
       Dagger            ||    82
 Cast: Sting             ||    36
       Poisonous Vapours ||     2
 Abil: Rolling Charge    ||    12
Armor: Robe              ||    36
Dodge: Dodged            ||    92
